 Dungeon Crawl Stone Soup version 0.26.1-2-gb8aa6d0 (webtiles) character file.

Game seed: 538146555893201231

29492 BunyipCatcher the Cleaver (level 13, -11/113 HPs)
             Began as a Hill Orc Monk on Aug 19, 2021.
             Was a High Priest of Wu Jian.
             Killed by an exploding a large slime creature (27 damage)
             ... exploding inner flame
             ... on level 14 of the Dungeon on Aug 29, 2021.
             The game lasted 06:34:06 (19736 turns).

BunyipCatcher the Cleaver (Hill Orc Monk)          Turns: 19736, Time: 06:34:07

Health: -11/113    AC: 20    Str: 26    XL:     13   Next: 45%
Magic:  13/13      EV: 14    Int: 11    God:    Wu Jian [*****.]
Gold:   660        SH:  5    Dex: 13    Spells: 11/12 levels left

rFire    . . .     SeeInvis .   n - +4 scimitar (flame)
rCold    + . .     Faith    .   (no shield)
rNeg     . . .     Spirit   .   H - +4 ring mail "Oseitsew" {rC+ Slay+2}
rPois    .         Reflect  +   O - +2 helmet
rElec    .         Harm     .   i - +1 cloak {rCorr}
rCorr    +         Rampage  .   l - +0 pair of gloves
Will     .....                  r - +1 pair of boots
Stlth    ++........             Y - amulet of reflection
HPRegen  0.28/turn              h - +4 ring of slaying
MPRegen  0.13/turn              u - +6 ring of strength

@: no status effects
A: blink, strong 1, MP-powered wands
a: Blink, Renounce Religion, Wall Jump, Serpent's Lash, Heavenly Storm


You were on level 14 of the Dungeon.
You worshipped Wu Jian.
Wu Jian was extremely pleased with you.
You visited 1 branch of the dungeon, and saw 14 of its levels.
You also visited: Ossuary.

You collected 840 gold pieces.
You spent 180 gold pieces at shops.

Inventory:

Hand Weapons
 n - a +4 scimitar of flaming (weapon)
 p - a +1 hunting sling of venom
 q - a +3 spectral flail
 v - a +2 whip of electrocution
 w - a +2 mace of draining
Missiles
 c - 62 poisoned darts
 C - 381 stones
 J - 2 boomerangs (quivered)
 X - 65 sling bullets
Armour
 i - a +1 cloak of preservation (worn)
 l - a +0 pair of gloves (worn)
 r - a +1 pair of boots (worn)
 H - the +4 ring mail "Oseitsew" (worn) {rC+ Slay+2}
   (You found it on level 8 of the Dungeon)

   It affects your accuracy and damage with ranged weapons and melee attacks
   (+2).
   It protects you from cold.
 I - a +2 chain mail of fire resistance
 O - a +2 helmet (worn)
Jewellery
 b - an uncursed ring of wizardry
 h - a +4 ring of slaying (left hand)
 o - an uncursed ring of teleportation
 s - an uncursed ring of positive energy
 t - an uncursed ring of protection from fire
 u - a +6 ring of strength (right hand)
 M - an uncursed amulet of guardian spirit
 N - an uncursed ring of ice
 T - an uncursed ring of ice
 Y - an amulet of reflection (around neck)
Wands
 m - a wand of flame (53)
 E - a wand of digging (6)
 K - a wand of acid (6)
 L - a wand of paralysis (7)
 P - a wand of random effects (12)
 Q - a wand of enslavement (23)
 V - a wand of polymorph (12)
 Z - a wand of iceblast (10)
Scrolls
 a - a scroll of immolation
 e - 4 scrolls of fog
 f - a scroll of fear
 y - 6 scrolls of remove curse
 B - 3 scrolls of teleportation
 D - a scroll of amnesia
 R - a scroll of magic mapping
 W - 2 scrolls of blinking
Potions
 d - 2 potions of haste
 j - a potion of flight
 k - a potion of ambrosia
 x - 2 potions of heal wounds {unknown}
 z - 3 potions of mutation
 A - a potion of attraction
 F - a potion of berserk rage {unknown}
 G - a potion of brilliance {unknown}
 S - a potion of curing
Miscellaneous
 g - a lightning rod (4/4)


   Skills:
 + Level 9.9 Fighting
 * Level 13.4(15.6) Axes
 + Level 11.9(13.6) Maces & Flails
 * Level 5.8(7.7) Slings
 + Level 7.8(8.7) Throwing
 + Level 8.0 Armour
 + Level 5.4 Dodging
 + Level 3.6 Stealth
 + Level 3.3 Shields
 + Level 1.8 Evocations


You had 11 spell levels left.
You knew the following spells:

 Your Spells              Type           Power        Failure   Level
a - Animate Skeleton      Necr           0%           45%         1

Your spell library contained the following spells:

 Spells                   Type           Power        Failure   Level
 Corona                   Hex            0%           45%         1
 Magic Dart               Conj           0%           45%         1
 Pain                     Necr           0%           45%         1
 Sting                    Tmut/Pois      0%           45%         1
 Blink                    Tloc           N/A          58%         2
 Call Imp                 Summ           0%           58%         2
 Poisonous Vapours        Pois/Air       0%           58%         2
 Slow                     Hex            0%           58%         2
 Confusing Touch          Hex            0%           83%         3
 Conjure Flame            Conj/Fire      0%           83%         3
 Gell's Gravitas          Tloc           0%           83%         3
 Ignite Poison            Fire/Tmut/Pois 0%           83%         3
 Inner Flame              Hex/Fire       0%           83%         3
 Mephitic Cloud           Conj/Pois/Air  0%           83%         3
 Portal Projectile        Hex/Tloc       0%           83%         3
 Vampiric Draining        Necr           0%           83%         3
 Animate Dead             Necr           0%           99%         4
 Cause Fear               Hex            0%           99%         4
 Leda's Liquefaction      Hex/Erth       0%           99%         4
 Olgreb's Toxic Radiance  Pois           0%           99%         4
 Petrify                  Tmut/Erth      0%           99%         4
 Agony                    Necr           0%           100%        5
 Metabolic Englaciation   Hex/Ice        0%           100%        5
 Yara's Violent Unravell  Hex/Tmut       0%           100%        5


Dungeon Overview and Level Annotations

Branches:
Dungeon (14/15)            Temple (0/1) D:7            Lair (0/6) D:9
    Orc (0/2) D:9         Ossuary (visited)
 Vaults: D:13-14

Altars:
Ashenzari
Dithmenos
Fedhas
Kikubaaqudgha
Qazlal
Ru
Trog
Wu Jian
Xom
Yredelemnul

Shops:
D:7 *   D:10 (   D:12 :


Innate Abilities, Weirdness & Mutations

You can translocate small distances at will.
Your muscles are strong. (Str +2)
You expend magic power (3 MP) to strengthen your wands.


Message History

Flame seeps out of the slime creature.
The slime creature closely misses you.
You riposte.
You slash the slime creature! You burn the slime creature.
The Council accepts your kill.
The slime creature explodes!
The fiery explosion engulfs you!!
The fiery explosion engulfs the large slime creature!!
Flame seeps out of the large slime creature.
The large slime creature is severely wounded.
The fiery explosion engulfs the slime creature!!!
The Council accepts your kill.
The fiery explosion engulfs the two-headed ogre!!!
The Council accepts your kill.
The two-headed ogre explodes!
The slime creature explodes!
The fiery explosion engulfs the large slime creature!!
The Council accepts your kill. The fiery explosion engulfs you!!
* * * LOW HITPOINT WARNING * * *
The large slime creature explodes!
The fiery explosion engulfs you!!
You die...

# #. #. #.###
. #...# ##...
#..§#§§....
#.§@○§...#
#....§○°§...#
#....§§§§..#.#
#..........#
####.......#
....#####
##...# ##.##


There were no monsters in sight!

Vanquished Creatures
  An ogre mage (D:12)
  Fannar (D:11)
  Harold (D:7)
  A hydra (D:9)
  A boulder beetle (D:12)
  2 centaur warriors (D:12)
  A death knight (D:12)
  7 two-headed ogres
  The ghost of SuisLittleHoshiymin the Fighter, a novice MiFi of Nemelex Xobeh (D:9)
  A tengu warrior (D:12)
  2 unseen horrors
  Pikel (D:5)
  An orc knight (D:12)
  2 deep elf magi (D:13)
  5 ugly things
  2 cyclopes (D:12)
  A centaur zombie (D:13)
  2 gargoyles
  An efreet (D:13)
  Maggie (D:7)
  A queen bee (D:11)
  2 hornets
  3 trolls
  4 slime creatures (D:14)
  A shadow (D:13)
  3 wyverns
  12 yaks
  A basilisk (D:13)
  2 steam dragons
  2 vampire mosquitoes (D:12)
  Menkaure (D:4)
  Edmund (D:6)
  Duvessa (D:7)
  5 water moccasins
  2 ice beasts (D:9)
  2 sky beasts
  8 orc warriors
  A black bear (D:8)
  2 eyes of draining
  3 necrophages
  3 phantoms
  12 centaurs
  3 ogres
  A lemure (D:5)
  A big kobold (D:10)
  A wyvern zombie (D:13)
  7 bullfrogs
  5 scorpions
  Dowan (D:7)
  A water moccasin skeleton (D:9)
  14 killer bees
  3 wights (D:10)
  A bullfrog zombie (D:10)
  2 quasits
  3 jellies
  4 hounds
  3 centaur skeletons
  5 orc priests
  15 orc wizards
  2 bullfrog skeletons
  2 iguanas
  7 worker ants
  A hound zombie (D:10)
  2 hound skeletons
  2 worker ant zombies
  Robin (D:4)
  A gnoll (D:1)
  12 adders
  A white imp (D:5)
  An ufetubus (D:5)
  An ooze (D:4)
  An adder skeleton (D:8)
  An adder zombie (D:10)
  4 dart slugs
  3 leopard geckos
  37 orcs
  2 giant cockroaches
  20 goblins
  4 hobgoblins
  14 jackals
  7 quokkas
  A ball python (D:3)
  6 bats
  7 frilled lizards
  10 kobolds
  A leopard gecko skeleton (D:4)
  7 rats
335 creatures vanquished.

Vanquished Creatures (others)
  A sky beast (D:5)
  4 plants
  3 withered plants
8 creatures vanquished.

Grand Total: 343 creatures vanquished

Notes
Turn   | Place    | Note
-------+----------+-------------------------------------------
     0 | D:1      | BunyipCatcher the Hill Orc Monk began the quest for the
                  | Orb.
     0 | D:1      | Reached XP level 1. HP: 19/19 MP: 1/1
   372 | D:1      | Reached XP level 2. HP: 16/27 MP: 2/2
  1511 | D:1      | Reached XP level 3. HP: 26/33 MP: 3/3
  2017 | D:1      | Reached skill level 5 in Axes
  3142 | D:2      | Reached skill level 1 in Throwing
  3142 | D:2      | Reached XP level 4. HP: 39/40 MP: 4/4
  4268 | D:3      | Found a stormy altar of Qazlal.
  4508 | D:4      | Found a basalt altar of Yredelemnul.
  4518 | D:4      | Reached XP level 5. HP: 40/46 MP: 5/5
  4915 | D:4      | Noticed Robin
  4923 | D:4      | Noticed Menkaure
  4948 | D:4      | Killed Menkaure
  4949 | D:4      | Reached skill level 6 in Axes
  4949 | D:4      | Reached skill level 1 in Armour
  4949 | D:4      | Reached XP level 6. HP: 18/52 MP: 6/6
  4957 | D:4      | Killed Robin
  5252 | D:4      | Found a bloodstained altar of Trog.
  5317 | D:4      | Found a large runed translucent door.
  5317 | D:4      | Found a large runed translucent door.
  5330 | D:4      | Found a large runed translucent door.
  5330 | D:4      | Found a large runed translucent door.
  5364 | D:4      | Reached skill level 1 in Maces & Flails
  5400 | D:4      | Noticed a water moccasin
  5407 | D:4      | Killed a water moccasin
  5408 | D:4      | Reached XP level 7. HP: 39/60 MP: 7/7
  5662 | D:4      | Found an ancient bone altar of Kikubaaqudgha.
  5664 | D:4      | Found a blossoming altar of Fedhas.
  5687 | D:4      | Found a sacrificial altar of Ru.
  5692 | D:4      | Found a shadowy altar of Dithmenos.
  5746 | D:4      | Found an ornate altar of the Wu Jian Council.
  5777 | D:4      | Became a worshipper of the Wu Jian Council
  5777 | D:4      | Reached * piety under Wu Jian
  5777 | D:4      | Reached ** piety under Wu Jian
  6300 | D:4      | Found a broken altar of Ashenzari.
  6833 | D:5      | Entered Level 5 of the Dungeon
  6848 | D:5      | Noticed Pikel
  6852 | D:5      | Paralysed by Pikel for 2 turns
  6855 | D:5      | Killed Pikel
  6856 | D:5      | Reached skill level 5 in Fighting
  6856 | D:5      | Reached skill level 7 in Axes
  6856 | D:5      | Reached XP level 8. HP: 68/68 MP: 8/8
  6863 | D:5      | Reached skill level 1 in Evocations
  7002 | D:5      | Gained mutation: You can translocate small distances at
                  | will. [potion of mutation]
  7002 | D:5      | Gained mutation: Your muscles are strong. (Str +2) [potion
                  | of mutation]
  7002 | D:5      | Gained mutation: You expend magic power (3 MP) to
                  | strengthen your wands. [potion of mutation]
  7397 | D:5      | You fall into a shaft and drop 2 floors!
  7540 | D:7      | Noticed Maggie
  7555 | D:7      | Killed Maggie
  7556 | D:7      | Reached skill level 8 in Axes
  7556 | D:7      | Reached skill level 5 in Maces & Flails
  7556 | D:7      | Reached skill level 5 in Armour
  7556 | D:7      | Reached XP level 9. HP: 73/75 MP: 9/9
  7612 | D:7      | Found Sotefuneu's Assorted Antiques.
  7707 | D:7      | Bought a potion of curing for 90 gold pieces
  7707 | D:7      | Bought a scroll of teleportation for 90 gold pieces
  7993 | D:6      | Found a shimmering altar of Xom.
  8241 | D:6      | Noticed Edmund
  8264 | D:6      | Killed Edmund
  8305 | D:6      | Reached skill level 9 in Axes
  8649 | D:7      | Noticed Dowan
  8651 | D:7      | Noticed Duvessa
  8654 | D:7      | Killed Dowan
  8659 | D:7      | Killed Duvessa
  8977 | D:7      | Reached *** piety under Wu Jian
  9310 | D:7      | Noticed Harold
  9324 | D:7      | Killed Harold
  9325 | D:7      | Reached skill level 5 in Throwing
  9325 | D:7      | Reached XP level 10. HP: 82/84 MP: 10/10
  9408 | D:7      | Found a staircase to the Ecumenical Temple.
  9928 | D:8      | Reached skill level 10 in Axes
  9967 | D:8      | Found a sand-covered staircase.
  9972 | Ossuary  | Entered an ossuary
 10283 | D:8      | Got a warped ring mail
 10294 | D:8      | Identified the +4 ring mail "Oseitsew" {rC+ Slay+2} (You
                  | found it on level 8 of the Dungeon)
 10415 | D:10     | Entered Level 10 of the Dungeon
 10481 | D:10     | Found Cimapy's Weapon Shop.
 10632 | D:9      | Found a staircase to the Orcish Mines.
 10772 | D:9      | You fall into a shaft and drop 2 floors!
 10797 | D:11     | Reached skill level 1 in Shields
 10814 | D:11     | Noticed a two-headed ogre
 10821 | D:11     | Killed a two-headed ogre
 10822 | D:11     | Reached XP level 11. HP: 77/92 MP: 11/11
 10896 | D:11     | Killed an unseen horror
 11124 | D:10     | Reached skill level 11 in Axes
 11148 | D:10     | Reached **** piety under Wu Jian
 12274 | D:9      | Found a staircase to the Lair.
 12502 | D:9      | Found a runed translucent door.
 12540 | D:9      | Noticed a seven-headed hydra
 12540 | D:9      | Noticed SuisLittleHoshiymin's ghost (novice MiFi)
 13015 | D:9      | Killed a seven-headed hydra
 13042 | D:9      | Killed SuisLittleHoshiymin's ghost
 13043 | D:9      | Reached skill level 10 in Maces & Flails
 14380 | D:11     | Noticed Fannar
 14421 | D:11     | Killed Fannar
 14930 | D:11     | You fall into a shaft and drop 2 floors!
 14931 | D:13     | Reached ***** piety under Wu Jian
 14973 | D:13     | Noticed a two-headed ogre
 14985 | D:13     | Killed a two-headed ogre
 14986 | D:13     | Reached skill level 12 in Axes
 14986 | D:13     | Reached XP level 12. HP: 78/103 MP: 12/12
 15323 | D:12     | Noticed a centaur warrior
 15769 | D:12     | Killed a centaur warrior
 15770 | D:12     | Reached skill level 5 in Dodging
 15950 | D:12     | Noticed a two-headed ogre
 15959 | D:12     | Killed a two-headed ogre
 15960 | D:12     | Reached skill level 1 in Slings
 16132 | D:12     | Noticed a death knight
 16148 | D:12     | Killed a death knight
 16245 | D:12     | Noticed an ogre mage
 16252 | D:12     | Killed an ogre mage
 16453 | D:12     | Found Sinnuno's Book Shoppe.
 16528 | D:12     | Noticed a tengu warrior
 16548 | D:12     | Killed a tengu warrior
 16648 | D:12     | Noticed a two-headed ogre
 16653 | D:12     | Killed a two-headed ogre
 17138 | D:12     | Reached XP level 13. HP: 111/111 MP: 13/13
 17242 | D:12     | Learned a level 1 spell: Animate Skeleton
 17419 | D:12     | Reached skill level 13 in Axes
 17666 | D:12     | Found the +8 lance "Wyrmbane" {slay drac, rPois rF+ rC+
                  | AC+3}
 18199 | D:13     | Reached skill level 5 in Slings
 19736 | D:14     | Killed by an exploding a large slime creature... exploding
                  | inner flame

Illustrated notes

Levels and vault maps discovered:
D:1:      minmay_arrival_cross, layout_loops_corners, nrook_campfire,
          serial_bayou_pond_e, serial_bayou_pond_a, serial_park_tiny_pond
D:2:      layout_loops_corners, serial_aquarium, aquarium_bridge_straight
          [aquarium_subvault_bridge, aquarium_subvault_wall,
          aquarium_subvault_bridge, aquarium_subvault_wall],
          aquarium_bridge_square [aquarium_subvault_bridge,
          aquarium_subvault_bridge, aquarium_subvault_bridge,
          aquarium_subvault_bridge], aquarium_window_2, aquarium_window_3,
          aquarium_window_2, aquarium_view_2a, aquarium_view_2e,
          aquarium_balcony_5a
D:3:      layout_loops_cross, grunt_qazlal_clouds
D:4:      layout_basic, grunt_temple_overflow_growth_and_decay,
          lemuel_coloured_pillars_altar, nzn_wu_jian_contemplation, minitemple,
          nicolae_ashenzari_panopticon, yredelemnul_altar_generic,
          minmay_hollow_rounded_squares, uniq_robin, uniq_menkaure
D:5:      lemuel_ratsnest, layout_cave_pools, uniq_pikel
D:6:      layout_layer_cave, old_standard_altar, uniq_edmund
D:7:      layout_gridville, temple_fountains, serial_shops, nicolae_shop_trees,
          uniq_duvessa, uniq_harold, uniq_maggie
D:8:      layout_cave_pools, nicolae_ossuary_entry_false_entrances,
          grunt_ministairs_15, st_stairs_2
D:9:      layout_basic, dpeg_oklobed_lair, ebering_ghost_inner_flame
D:10:     layout_big_octagon, serial_shops, shop, serial_undead,
          serial_undead_a, serial_undead_e, serial_undead_b, serial_undead_a,
          serial_undead_a, serial_undead_b
D:11:     layout_cave_pods, nicolae_looking_at_the_future, uniq_fannar
D:12:     minmay_dotted_concentric_squares, layout_cave_pools, serial_shops,
          shop, minmay_misc_feat_iff, minmay_diamond_spiral
D:13:     layout_stronghold, grunt_ogre_cave, minivault_27
D:14:     layout_loops_corners, lightli_vaults_fourway_checkpoint,
          elyvilon_altar_4, serial_bayou_lagoon_a, minmay_misc_feat_tiny

Skill      XL: |  1  2  3  4  5  6  7  8  9 10 11 12 13 |
---------------+----------------------------------------+-----
Axes           | 5 6 7 8 9 10 12 13 | 13.4
Throwing       | 1 2 3 5 6 7 |  7.8
Fighting       | 4 5 6 7 8 9 |  9.9
Stealth        | 2 3 |  3.6
Armour         | 1 2 4 5 6 7 8 |  8.0
Dodging        | 3 4 5 |  5.4
Maces & Flails | 1 4 5 7 9 10 11 | 11.9
Evocations     | 1 |  1.8
Shields        | 1 2 3 |  3.3
Slings         | 3 5 |  5.8

Action                   |  1- 3 |  4- 6 |  7- 9 | 10-12 | 13-15 || total
-------------------------+-------+-------+-------+-------+-------++-------
Melee: Hand axe          |    58 |    72 |       |       |       ||   130
       Great mace        |       |    14 |    28 |       |       ||    42
       Mace              |       |     2 |    60 |     3 |       ||    65
       Staff             |       |       |     7 |       |       ||     7
       Whip              |       |       |    54 |       |       ||    54
       War axe           |       |       |    21 |    18 |       ||    39
       Broad axe         |       |       |    18 |       |       ||    18
       Flail             |       |       |    15 |   476 |    63 ||   554
       Hunting sling     |       |       |       |     1 |     2 ||     3
       Scimitar          |       |       |       |       |     2 ||     2
 Fire: Hunting sling     |       |       |       |    58 |    75 ||   133
Throw: Dart              |    17 |     2 |     5 |       |       ||    24
       Boomerang         |    41 |    22 |    15 |   124 |    19 ||   221
       Javelin           |       |    21 |    26 |       |       ||    47
Invok: Lunge             |       |       |     7 |    15 |     5 ||    27
       Whirlwind         |       |       |     1 |     9 |     1 ||    11
       Serpent's Lash    |       |       |       |     1 |       ||     1
Evoke: Wand              |       |     2 |     3 |     6 |     2 ||    13
       Condenser vane    |       |       |       |     1 |       ||     1
  Use: Scroll            |     5 |     3 |     1 |    12 |     6 ||    27
       Potion            |     1 |     5 |     3 |     4 |       ||    13
 Stab: Confused          |       |       |       |     1 |       ||     1
       Distracted        |       |       |       |     3 |       ||     3
       Paralysed         |       |       |       |     3 |       ||     3
       Sleeping          |       |       |       |       |     1 ||     1
Armor: Robe              |    16 |       |       |       |       ||    16
       Ring mail         |       |    16 |       |   240 |    25 ||   281
       Scale mail        |       |    41 |    15 |       |       ||    56
       Chain mail        |       |       |   109 |    20 |       ||   129
Dodge: Dodged            |    42 |    70 |    89 |   288 |    36 ||   525
Block: Other             |       |       |     8 |    97 |    13 ||   118
       Reflection        |       |       |     1 |     2 |     1 ||     4
       Rpst.: Scimitar   |       |       |       |       |     2 ||     2
